 Dungeon Crawl Stone Soup version 0.29.1-13-g9f3cf754e1 (webtiles) character file.

Game seed: 16278265713273122112

2510 booth the Cleaver (level 9, 0/63 (65) HPs)
             Began as a Demonspawn Gladiator on Jan 30, 2023.
             Was a Believer of Okawaru.
             Slain by Erica
             ... wielding a +3 scimitar of flaming
              (11 damage)
             ... on level 8 of the Dungeon.
             The game lasted 00:55:05 (7707 turns).

booth the Cleaver (Demonspawn Gladiator)            Turns: 7707, Time: 00:55:06

HP:   0/63 (65)     AC: 14    Str: 18    XL:     9   Next: 28%
MP:   9/9           EV: 13    Int: 11    God:    Okawaru [**....]
Gold: 397           SH:  5    Dex: 14    Spells: 8/8 levels left

rFire   + . .      SeeInvis .   a - +3 war axe (freeze)
rCold   . . .      Faith    .   (no shield)
rNeg    . . .      Spirit   .   C - +2 robe {rF+}
rPois   .          Reflect  +   (helmet restricted)
rElec   .          Harm     .   o - +2 cloak {Stlth+}
rCorr   .          Rampage  .   (no gloves)
Will    +....      Rage     3%  (no boots)
Stlth   +++.......              q - amulet of reflection
HPRegen 0.20/turn               i - ring of willpower
MPRegen 0.11/turn               r - +4 ring of protection

@: on berserk cooldown, slowed, lightly drained, very slow
A: antennae 2, icy blue scales 2, powered by death 1, condensation shield,
talons 1, berserk 1
a: Renounce Religion, Heroism


You were on level 8 of the Dungeon.
You worshipped Okawaru.
Okawaru was pleased with you.
You visited 2 branches of the dungeon, and saw 9 of its levels.

You collected 397 gold pieces.

Inventory:

Hand Weapons
 a - a +3 war axe of freezing (weapon)
 h - a +2 short sword of flaming
 B - a +0 vorpal mace
 E - a +2 mace of protection
Missiles
 d - 3 throwing nets (quivered)
 f - 12 poisoned darts
 g - 4 atropa-tipped darts
 w - 5 boomerangs
Armour
 b - a +0 leather armour
 n - a +0 ring mail
 o - a +2 cloak of stealth (worn)
 p - the -1 cloak of Divine Tender Moments {rElec Str+6}
   (You found it on level 2 of the Dungeon)

   Str:       It affects your strength (+6).
   rElec:     It insulates you from electricity.
 C - a +2 robe of fire resistance (worn)
Jewellery
 c - a ring of flight
 i - a ring of willpower (left hand)
 q - an amulet of reflection (around neck)
 r - a +4 ring of protection (right hand)
Wands
 k - a wand of paralysis (6)
Scrolls
 e - a scroll of enchant armour
 j - a scroll of immolation {unknown}
 l - a scroll of brand weapon
 s - a scroll of magic mapping
 v - a scroll of identify
 x - 2 scrolls of enchant weapon
 y - a scroll of teleportation
Potions
 m - 2 potions of resistance
 t - 4 potions of curing
 u - 3 potions of haste
 z - 2 potions of attraction
 A - 3 potions of flight


   Skills:
 + Level 3.8 Fighting
 * Level 9.4 Axes
 * Level 4.7 Throwing
 + Level 2.5 Armour
 + Level 4.2 Dodging
 + Level 1.7 Stealth


You had 8 spell levels left.
You didn't know any spells.
Your spell library contained the following spells:

 Spells                   Type           Power      Damage    Failure   Level
 Beastly Appendage        Tmut           0%         N/A       34%         1
 Sandblast                Erth           0%         2d4       34%         1
 Slow                     Hex            0%         N/A       34%         1
 Passwall                 Tmut/Erth      0%         N/A       47%         2
 Wereblood                Tmut           0%         N/A       47%         2
 Confusing Touch          Hex            0%         N/A       71%         3
 Spider Form              Tmut/Pois      0%         N/A       71%         3
 Stone Arrow              Conj/Erth      0%         3d7       71%         3
 Vampiric Draining        Necr           0%         2d6       71%         3
 Anguish                  Hex/Necr       0%         N/A       98%         4
 Fulminant Prism          Conj/Hex       0%         3d6       98%         4
 Iskenderun's Mystic Bla  Conj/Tloc      0%         2d3       98%         4
 Lee's Rapid Deconstruct  Erth           0%         3d5*      100%        5
 Enfeeble                 Hex            0%         N/A       100%        7
 Summon Guardian Golem    Hex/Summ       Unusable   N/A       N/A         3
 Malign Gateway           Summ/Tloc      Unusable   N/A       N/A         7

Dungeon Overview and Level Annotations

Branches:
Dungeon (8/15)             Temple (1/1) D:7
   Lair: D:8-11

Altars:
Ashenzari
Dithmenos
Fedhas
Gozag
Hepliaklqana
Kikubaaqudgha
Makhleb
Nemelex Xobeh
Okawaru
Qazlal
Ru
Sif Muna
Trog
Uskayaw
Vehumet
Wu Jian
Xom
Yredelemnul

Shops:
D:6 !

Annotations:
D:7 1 runed translucent door, cheesebisquit's ghost, novice MfGl
D:8 Erica


Innate Abilities, Weirdness & Mutations

You have a pair of antennae on your head.
You are mostly covered in icy blue scales. (AC +3)
You regenerate a little health from kills.
A meltable shield of frost defends you. (SH +0)
You have sharp toenails.
You sometimes lose your temper in combat.


Message History

You feel your anger nearly subside.
You are no longer berserk.
You are exhausted.
You feel yourself slow down.
A wight comes into view. It is wielding a +3 spear of freezing.
You hit the wight. Your kick misses the wight.
The wight is lightly damaged.
You block the wight's attack.
You slash the wight! You claw the wight, but do no damage.
The wight is heavily damaged.
The wight hits the plant with a +3 spear of freezing!
The plant begins to die.
The wight freezes the plant.
The wight hits you but does no damage.
You completely miss the wight. Your kick misses the wight.
The wight is heavily damaged.
The wight hits you with a +0 dire flail!
You feel drained. The wight closely misses you. You block the wight's attack.
You hit the wight. You claw the wight.
The wight is almost destroyed.
You closely miss something.
You hear some strange, mumbled words.
A lance of force appears from out of thin air!
The lance of force hits you!!
You are knocked back by the lance of force.
You barely miss the wight.
The wight is almost destroyed.
A nearby plant withers and dies.
You slash something! You freeze something.
You hear some strange, mumbled words.
A lance of force appears from out of thin air!
The lance of force hits you!
You are knocked back by the lance of force.
You slash something! You freeze something. Something hits you!
* * * LOW HITPOINT WARNING * * *
Your condensation shield dissipates!
Something hits you!
* * * LOW HITPOINT WARNING * * *
Something burns you.
* * * LOW HITPOINT WARNING * * *
You feel better. Something hits you!
You die...

#z# P~.... #.## .....
##..###..#
######...)...#
.......z....#####
####...z...###.#
###z...#....#
#{........#
...####@.......##
#.............#
###..........##
#...........#
#..........##
#...........#
########...........####
##......$..............#
###.....
........~P....รท.###


You could see 3 wights.

Vanquished Creatures
  Sigmund (D:4)
  A sky beast (D:8)
  3 black bears (D:8)
  An ice beast (D:5)
  2 centaurs
  A kobold brigand (D:7)
  3 bullfrogs
  2 necrophages (D:5)
  3 scorpions
  A wight (D:8)
  3 jellies
  An electric eel (D:8)
  4 hounds
  2 gnoll boudas
  2 quasits (D:4)
  2 orc priests
  Crazy Yiuf (D:7)
  4 iguanas
  7 orc wizards
  12 adders
  11 gnolls
  A shadow imp (D:4)
  4 white imps
  4 ufetubi
  4 dart slugs
  32 orcs
  2 ball pythons (D:4)
  5 endoplasms
  5 giant cockroaches
  6 goblins
  5 hobgoblins
  5 jackals (D:1)
  2 quokkas
  4 bats
  3 frilled lizards (D:1)
  9 kobolds
  2 rats
160 creatures vanquished.

Vanquished Creatures (others)
  2 demonic plants (D:4)
  55 plants
57 creatures vanquished.

Grand Total: 217 creatures vanquished

Notes
Turn   | Place    | Note
-------+----------+-------------------------------------------
     0 | D:1      | booth the Demonspawn Gladiator began the quest for the Orb.
     0 | D:1      | Reached XP level 1. HP: 16/16 MP: 1/1
    27 | D:1      | Reached skill level 3 in Axes
    83 | D:1      | Gained mutation: You regenerate a little health from kills.
                  | [demonic ancestry]
    83 | D:1      | Reached XP level 2. HP: 22/22 MP: 2/2
   774 | D:2      | Gained mutation: You have a pair of small antennae on your
                  | head. [demonic ancestry]
   774 | D:2      | Reached XP level 3. HP: 18/27 MP: 3/3
  1259 | D:2      | Reached skill level 4 in Axes
  1453 | D:2      | Got the Precepts of Hexes and Elsewhere
  1492 | D:2      | Identified the -1 cloak of Divine Tender Moments {rElec
                  | Str+6}
  1907 | D:2      | Gained mutation: You are partially covered in icy blue
                  | scales. (AC +2) [demonic ancestry]
  1907 | D:2      | Reached XP level 4. HP: 33/33 MP: 4/4
  2369 | D:3      | Found a faded altar of an unknown god.
  2385 | D:3      | Prayed at the altar of an unknown god.
  2385 | D:3      | Became a worshipper of Sif Muna the Loreminder
  2385 | D:3      | Reached * piety under Sif Muna
  2386 | D:3      | Fell from the grace of Sif Muna
  2549 | D:3      | Reached skill level 1 in Armour
  2744 | D:4      | Reached XP level 5. HP: 38/38 MP: 5/5
  2803 | D:4      | Noticed Sigmund
  2835 | D:4      | Killed Sigmund
  2836 | D:4      | Reached skill level 5 in Axes
  2836 | D:4      | Reached XP level 6. HP: 21/46 MP: 6/6
  3303 | D:4      | Found a shimmering altar of Xom.
  3429 | D:4      | Gained mutation: A meltable shield of frost defends you.
                  | (SH +0) [demonic ancestry]
  3429 | D:4      | Reached XP level 7. HP: 29/51 MP: 7/7
  4031 | D:5      | Entered Level 5 of the Dungeon
  4083 | D:5      | Reached skill level 6 in Axes
  4207 | D:5      | Reached skill level 1 in Stealth
  4325 | D:5      | Found an iron altar of Okawaru.
  4348 | D:5      | Became a worshipper of Warmaster Okawaru
  4490 | D:5      | Gained mutation: You are mostly covered in icy blue scales.
                  | (AC +3) [demonic ancestry]
  4490 | D:5      | Reached XP level 8. HP: 57/57 MP: 8/8
  4498 | D:5      | Reached skill level 7 in Axes
  4800 | D:5      | Gained mutation: You have sharp toenails. [potion of
                  | mutation]
  4800 | D:5      | Gained mutation: You sometimes lose your temper in combat.
                  | [potion of mutation]
  5509 | D:6      | Found Tyozef's Distillery.
  5705 | D:6      | Reached * piety under Okawaru
  5957 | D:7      | Reached skill level 8 in Axes
  6150 | D:7      | Found a staircase to the Ecumenical Temple.
  6160 | Temple   | Entered the Ecumenical Temple
  6260 | D:7      | Found a runed translucent door.
  6273 | D:7      | Found a shimmering altar of Xom.
  6273 | D:7      | Noticed cheesebisquit's ghost (novice MfGl)
  6274 | D:7      | Noticed a +0 long sword of chaos
  6442 | D:7      | Found a blossoming altar of Fedhas.
  6543 | D:7      | Found a runed translucent door.
  6544 | D:7      | Noticed Crazy Yiuf
  6593 | D:7      | Killed Crazy Yiuf
  6856 | D:8      | HP: 1/59 [electric eel/bolt of electricity (8)]
  7235 | D:8      | Gained mutation: You have a pair of antennae on your head.
                  | [demonic ancestry]
  7235 | D:8      | Reached XP level 9. HP: 65/65 MP: 9/9
  7435 | D:8      | Reached skill level 9 in Axes
  7442 | D:8      | Reached ** piety under Okawaru
  7694 | D:8      | Noticed Erica
  7706 | D:8      | HP: 2/63 [something (11)]
  7707 | D:8      | Slain by Erica

Illustrated notes

Levels and vault maps discovered:
D:1:      dpeg_arrival_boxes_within_box, layout_rooms, minmay_heptomino_o4
D:2:      layout_basic, chequers_serial_rivers_small_3, nrook_loot_triangle,
          nicolae_grassy_gnolls
D:3:      layout_rooms, ebering_ecumenical_altar_ruins
D:4:      layout_gridville, amethyst_overflow_temple_binary, serial_demonic,
          serial_demonic_e, serial_demonic_d, serial_demonic_e,
          serial_demonic_b, minmay_checkerbox, uniq_sigmund
D:5:      layout_rooms, okawaru_altar_gauntlet_db, serial_glass,
          glass_columns_b, glass_columns_c, glass_columns_a, glass_columns_a,
          glass_columns_a
D:6:      layout_loops_corners, serial_shops, nicolae_shop_waterfront
D:7:      layout_basic, fedhas_altar_4, minmay_temple_entry_large_hall,
          ebering_ghost_xom, uniq_crazy_yiuf_cottage
D:8:      layout_layer_cave, serial_bayou, serial_bayou_pond_a,
          serial_bayou_crossing, serial_bayou_lagoon_a, serial_bayou_pond_d,
          uniq_erica, uniq_amaemon
Temple:   sentei_temple_godly_chess

Skill      XL: |  1  2  3  4  5  6  7  8  9 |
---------------+----------------------------+-----
Axes           | 3 4 5 6 8 9 |  9.4
Throwing       | 2 3 4 |  4.7
Armour         | 1 2 |  2.5
Dodging        | 3 4 |  4.2
Stealth        | 1 |  1.7
Fighting       | 3 |  3.8

Action                   |  1- 3 |  4- 6 |  7- 9 || total
-------------------------+-------+-------+-------++-------
Melee: War axe           |    80 |   127 |   286 ||   493
       Punch             |       |     1 |     5 ||     6
       Kick              |       |       |    34 ||    34
Throw: Dart              |       |     1 |     5 ||     6
       Javelin           |       |     1 |     1 ||     2
Invok: Renounce Religion |       |     1 |       ||     1
       Heroism           |       |       |     1 ||     1
  Use: Scroll            |     4 |     2 |     9 ||    15
       Potion            |       |     1 |     6 ||     7
 Stab: Sleeping          |     1 |       |     5 ||     6
Armor: Leather armour    |    34 |    95 |    83 ||   212
       Robe              |       |       |    16 ||    16
Dodge: Dodged            |    57 |   116 |   127 ||   300
Block: Other             |       |    40 |   120 ||   160
       Reflection        |       |     1 |     5 ||     6
